cohdb
Replays
Latest Replays
All Replays
Popular Replays
Top Player Replays
Match Explorer
How It Works
Community
CoH3 Stats
Reddit
Sign in to upload your games and track your stats! →
Sign in with Steam
Match 46801990
Unlisted
Match 46801990
Overview
Messages
Build Orders
End
Construct Infanterie Kompanie
Construct Infanterie Kompanie
Grenadier Squad
Grenadier Squad
Selects Luftwaffe Battlegroup
Selects Luftwaffe Pioneer Support
Medical Station
Grenadier Squad
Construct Luftwaffe Kompanie
Jäger Squad
Jäger Squad
GrW 34 Mortar Team
Jäger Squad
MG 42 Machine Gun Team
Selects LG40 Recoilless Gun Paradrop
Selects Stuka Strafing Run
Kettenkrad Recon Vehicle
Stuka Strafing Run
Jäger Squad
Selects Infantry Reserves
Jäger Squad
Jäger Squad
Stuka Strafing Run
Uberwarlord
Cooter McGavin
Angrybirds
라쿤킹
0
0
Comments
sign in to comment!
No comments posted yet!